Map: Blueshift LE

Players

ShoWTimE - Winner!

  • Race: Protoss Protoss
  • League: Grandmaster
  • Spawn Location: 1:00

Special

  • Race: Terran Terran
  • League: Master
  • Spawn Location: 7:00

Event: IEM Season 13 - Katowice Server Qualifiers Europe

VOD

Have the link to the VOD?

Description

Time

  • Played on: Jan. 8, 2019, 9:54 a.m.
  • Length: 8:56

All games in this series

Show
View Real Time Build Order
Export as new Build Order

ShoWTimE Protoss - Winner!

Build Orders: 1 Gate Expand, Colossus Rush 

Get SALT Encoding   

  12  0:00  Probe  
  13  0:12  Probe  
  14  0:17  Pylon  
  14  0:24  Probe  
  15  0:32  Probe  
  15  0:38  Gateway  
  15  0:40  Probe  
  16  0:46  Assimilator  
  17  0:51  Probe  
  18  1:03  Probe  
  19  1:15  Probe  
  20  1:26  Cybernetics Core  
  20  1:35  Nexus  
  20  1:36  Probe  
  21  1:43  Pylon  
  21  1:49  Probe  
  21  1:53  Adept  
  22  1:55  Assimilator  
  22  2:02  Warp Gate  
  22  2:05  Probe  
  25  2:17  Probe  
  26  2:23  Adept  
  26  2:29  Probe  
  29  2:41  Probe  
  29  2:43  Probe  
  30  2:49  Robotics Facility  
  30  2:50  Stalker  
  33  2:51  Probe  
  33  2:53  Probe  
  35  3:06  Probe x2  
  35  3:09  Gateway  
  37  3:16  Gateway  
  37  3:18  Probe x2  
  39  3:23  Stalker  
  41  3:29  Observer  
  41  3:30  Probe x2  
  43  3:34  Pylon  
  44  3:41  Warp Prism  
  44  3:42  Probe x2  
  44  3:46  Pylon  
  45  3:54  Probe x2  
  49  4:06  Probe x2  
  49  4:07  Stalker x2  
  55  4:13  Assimilator  
  55  4:16  Assimilator  
  55  4:17  Observer  
  55  4:18  Probe x2  
  55  4:21  Shield Battery  
  58  4:30  Probe x2  
  60  4:38  Robotics Bay  
  60  4:39  Observer  
  60  4:45  Pylon  
  61  4:53  Immortal  
  61  4:57  Pylon  
  61  5:04  Forge  
  61  5:05  Sentry  
  67  5:08  Zealot  
  69  5:16  Colossus, Pylon  
  69  5:21  Gateway x2  
  70  5:22  Gateway  
  68  5:31  Sentry, Protoss Ground Weapons Level 1  
  68  5:33  Extended Thermal Lance  
  76  5:36  Probe  
  77  5:45  Observer  
  77  5:48  Pylon  
  77  5:53  Nexus  
  77  5:54  Probe  
  77  5:56  Probe  
  79  5:59  Sentry  
  79  6:02  Colossus, Stalker  
  83  6:07  Pylon  
  83  6:10  Stalker  
  85  6:22  Probe x2  
  93  6:27  Twilight Council  
  93  6:34  Probe x2  
  93  6:35  Pylon  
  95  6:43  Colossus  
  95  6:46  Probe x2  
  97  6:48  Charge  
  97  6:49  Observer  
  97  6:56  Observer  
  97  6:58  Probe x2  
  105  7:05  Zealot x4  
  113  7:10  Pylon  
  113  7:17  Pylon  
  113  7:20  Zealot x2  
  116  7:27  Pylon  
  116  7:28  Colossus, Probe x3  
  116  7:29  Pylon  
  119  7:40  Probe  
  126  7:47  Zealot x4  
  134  7:52  Pylon  
  134  7:56  Shield Battery  
  134  8:00  Zealot x2  
  138  8:06  Probe x3  
  138  8:10  Stalker x2  
  141  8:18  Probe x2  
  141  8:19  Zealot x2  
  142  8:21  Probe  
  142  8:23  Zealot x2  
  141  8:34  Pylon  
  141  8:36  Dark Shrine, Zealot  
  139  8:42  Zealot x3  
  123  8:48  Zealot  
  123  8:49  Zealot  
Show
View Real Time Build Order
Export as new Build Order

Special Terran 

Build Orders: Reaper Expand 

Get SALT Encoding   

  12  0:01  SCV  
  13  0:13  SCV  
  14  0:18  Supply Depot  
  14  0:25  SCV  
  15  0:39  SCV  
  15  0:41  Barracks  
  16  0:44  Refinery  
  16  0:51  SCV  
  17  1:03  SCV  
  18  1:16  SCV  
  19  1:31  Reaper, Orbital Command  
  20  1:43  Command Center  
  20  1:57  SCV, Supply Depot  
  21  2:02  Marine  
  22  2:09  Factory  
  22  2:10  SCV  
  23  2:16  Refinery  
  23  2:22  SCV  
  24  2:24  Barracks Reactor  
  24  2:34  SCV  
  25  2:39  Barracks  
  25  2:46  SCV  
  26  2:53  Factory Tech Lab  
  26  2:56  Orbital Command  
  27  2:58  SCV  
  27  3:02  Marine x2  
  29  3:10  SCV  
  29  3:12  Cyclone  
  33  3:22  Marine x2  
  33  3:24  Orbital Command  
  35  3:29  Barracks Tech Lab  
  35  3:30  SCV  
  35  3:34  Supply Depot  
  35  3:39  Marine  
  35  3:40  Marine  
  37  3:43  SCV  
  37  3:44  Siege Tank  
  41  3:49  SCV  
  41  3:51  Marine  
  41  3:52  Combat Shield  
  41  3:55  SCV  
  44  3:58  Supply Depot  
  44  4:00  Starport  
  44  4:02  SCV  
  45  4:04  Marine x2  
  45  4:07  SCV  
  45  4:09  Marine  
  49  4:14  Refinery  
  49  4:16  SCV, Bunker  
  50  4:19  SCV  
  50  4:23  Siege Tank  
  54  4:27  Marine, Supply Depot  
  54  4:30  Marine  
  56  4:32  Liberator  
  56  4:33  Marine  
  56  4:34  SCV  
  56  4:35  SCV  
  59  4:47  SCV x2  
  64  4:53  Marine x2  
  64  4:54  Marine, Supply Depot  
  64  4:59  SCV x2  
  69  5:11  SCV, Supply Depot  
  70  5:15  Marine x3  
  70  5:16  SCV, Siege Tank  
  70  5:18  Supply Depot  
  77  5:23  SCV  
  77  5:26  Stimpack  
  78  5:31  Barracks  
  78  5:32  SCV  
  78  5:33  Marine, Medivac  
  81  5:35  Marine x2  
  81  5:38  Supply Depot  
  81  5:40  SCV  
  84  5:44  SCV  
  84  5:48  Siege Tank  
  88  5:51  Marine  
  88  5:53  Marine x2  
  91  5:58  SCV x2  
  91  5:59  Engineering Bay  
  93  6:06  Medivac  
  93  6:09  Marine  
  93  6:11  Marine x2  
  95  6:12  Supply Depot  
  97  6:19  SCV  
  97  6:21  Refinery  
  97  6:23  Siege Tank  
  101  6:27  Marine  
  101  6:28  Missile Turret  
  101  6:29  Terran Infantry Weapons Level 1  
  102  6:33  Marine x2  
  102  6:36  SCV  
  105  6:41  Starport Reactor  
  105  6:42  Supply Depot  
  105  6:48  Barracks Tech Lab  
  105  6:50  Marauder  
  105  6:51  Marine x2, SCV x2  
  108  7:00  Supply Depot  
  108  7:01  Siege Tank  
  111  7:05  Supply Depot  
  111  7:08  Concussive Shells, Marauder  
  113  7:09  Marine  
  114  7:17  Marine  
  114  7:18  Marauder  
  114  7:19  Medivac x2  
  121  7:26  Marine  
  122  7:31  Command Center  
  122  7:35  Marine  
  123  7:38  Supply Depot  
  123  7:39  Missile Turret  
  123  7:44  Marine  
  123  7:45  Marauder  
  123  7:49  Medivac x2  
  130  7:53  Marine, Siege Tank  
  130  7:54  Marauder  
  136  8:02  Marine  
  137  8:07  Marauder  
  137  8:09  SCV  
  137  8:11  Marine  
  138  8:15  Marine  
  125  8:20  Marine  
  124  8:28  Marine, Marauder  
  124  8:31  SCV  
  124  8:33  Marauder  
  129  8:38  Marine  

Tags
 
Add a new tag
Caveats
  • Supply blocks, unpowered buildings, or Contaminate may cause inaccurate times.
  • Supply counts are checked every 10 seconds.